Map: Ruins of Endion

Players

Djorjx

  • Race: Terran Terran
  • League: Master

Tirendus - Winner!

  • Race: Zerg Zerg
  • League: Master

VOD

Have the link to the VOD?

Description

Time

  • Played on: April 15, 2016, 2:45 p.m.
  • Length: 10:28
Show
View Real Time Build Order
Export as new Build Order

Djorjx Terran 

Build Orders: Reaper Expand, MMM Bio 

Get SALT Encoding   

  12  0:02  SCV  
  14  0:14  SCV  
  14  0:19  Supply Depot  
  14  0:26  SCV  
  15  0:40  SCV  
  15  0:42  Barracks  
  16  0:46  Refinery  
  16  0:52  SCV  
  17  1:04  SCV  
  18  1:16  SCV  
  19  1:30  Reaper, Orbital Command  
  20  1:41  Command Center  
  20  1:54  Supply Depot  
  20  1:57  SCV  
  21  2:02  Marine  
  22  2:08  Factory  
  22  2:10  SCV  
  23  2:16  Refinery  
  23  2:23  SCV  
  23  2:28  Barracks Reactor  
  24  2:35  SCV  
  25  2:47  SCV  
  25  2:53  Widow Mine  
  25  2:54  Bunker  
  25  2:57  Starport  
  27  2:59  SCV  
  28  3:11  SCV  
  28  3:14  Orbital Command  
  28  3:17  Marine x2  
  30  3:21  Widow Mine  
  30  3:23  SCV  
  33  3:33  Bunker  
  33  3:35  SCV  
  33  3:36  Viking  
  33  3:38  Marine  
  33  3:40  Marine  
  38  3:43  SCV  
  38  3:47  SCV  
  40  3:51  Factory Tech Lab  
  40  3:55  SCV  
  41  3:56  Marine  
  41  3:59  SCV  
  40  4:07  SCV  
  40  4:11  SCV  
  41  4:19  SCV  
  41  4:24  Marine x2, SCV  
  42  4:31  SCV  
  42  4:36  SCV  
  40  4:43  SCV  
  39  4:48  SCV  
  39  4:55  SCV  
  39  5:00  SCV  
  39  5:04  Marine  
  40  5:07  SCV  
  40  5:12  SCV  
  41  5:20  SCV  
  41  5:24  SCV  
  41  5:32  SCV  
  42  5:36  SCV  
  43  5:44  SCV  
  43  5:48  SCV  
  45  5:55  Command Center  
  45  5:56  SCV  
  46  6:06  Supply Depot  
  46  6:08  Supply Depot  
  46  6:11  Stimpack  
  46  6:17  Factory Reactor  
  46  6:20  Barracks  
  46  6:26  Barracks  
  46  6:28  SCV x2  
  46  6:31  Marine  
  49  6:33  Starport Reactor  
  49  6:40  SCV x2  
  51  6:52  Marine, SCV x2  
  53  7:04  SCV x2  
  52  7:09  Marine x2  
  52  7:10  Marine  
  52  7:16  SCV x2  
  54  7:27  Marine x3  
  54  7:28  SCV x2  
  58  7:34  Factory Tech Lab  
  56  7:40  SCV x2  
  56  7:41  Marine x2  
  59  7:45  Marine  
  59  7:51  Refinery x2  
  60  7:52  Engineering Bay  
  60  7:53  Engineering Bay, SCV x2  
  60  7:55  Siege Tank  
  60  7:56  Barracks  
  60  7:57  Barracks, Marine x2  
  61  8:06  Marine x3, SCV  
  61  8:07  Orbital Command, SCV  
  61  8:12  Medivac x2  
  69  8:19  SCV x2  
  68  8:31  SCV  
  68  8:32  Combat Shields, Siege Tank, Marine x4  
  68  8:33  SCV  
  71  8:41  Orbital Command  
  71  8:43  SCV  
  71  8:45  SCV  
  71  8:47  Marine  
  71  8:48  Barracks Reactor  
  72  8:50  Barracks Reactor  
  72  8:55  SCV  
  72  8:57  SCV  
  72  9:00  Marine x3  
  72  9:01  Marine, Medivac  
  72  9:02  Medivac  
  74  9:04  Marine, Orbital Command  
  74  9:07  SCV  
  74  9:09  SCV  
  76  9:18  Marine  
  76  9:22  SCV  
  77  9:24  Marine  
  77  9:32  SCV  
  77  9:50  Marine x2  
  77  9:54  Supply Depot  
  77  9:56  Supply Depot  
  77  9:57  Supply Depot  
  77  10:00  Supply Depot  
  77  10:02  Supply Depot  
  77  10:04  Supply Depot  
  77  10:14  Missile Turret, Armory, Supply Depot  
  77  10:16  SCV x2  
Show
View Real Time Build Order
Export as new Build Order

Tirendus Zerg - Winner!

Build Orders: Pool First 

Get SALT Encoding   

  12  0:01  Drone  
  13  0:13  Overlord  
  13  0:20  Drone  
  14  0:31  Drone x2  
  17  0:35  Drone  
  17  0:46  Spawning Pool  
  17  0:48  Drone  
  17  0:52  Extractor  
  16  0:58  Drone  
  17  1:20  Hatchery  
  17  1:24  Drone  
  17  1:34  Queen  
  17  1:38  Zergling x2  
  20  1:50  Drone  
  21  1:55  Roach Warren  
  21  1:57  Drone  
  21  2:10  Overlord  
  21  2:13  Burrow  
  21  2:23  Drone  
  21  2:29  Evolution Chamber  
  21  2:34  Drone  
  26  2:37  Roach x2  
  26  2:40  Roach  
  28  2:49  Roach  
  30  2:56  Roach x2  
  34  3:05  Queen  
  35  3:18  Drone  
  36  3:20  Overlord  
  36  3:27  Overlord  
  36  3:45  Drone x4  
  36  3:47  Lair  
  40  3:49  Drone  
  40  3:55  Drone x2  
  43  3:59  Drone  
  44  4:07  Drone x3  
  47  4:14  Roach x3  
  47  4:15  Drone x3  
  50  4:18  Drone  
  52  4:24  Drone  
  52  4:29  Overlord  
  52  4:30  Overlord  
  50  4:32  Roach  
  50  4:34  Roach  
  50  4:37  Metabolic Boost  
  50  4:40  Extractor  
  50  4:41  Extractor  
  46  4:50  Drone x4  
  48  4:53  Overlord  
  48  4:56  Drone x2, Roach  
  48  4:57  Drone  
  51  5:02  Drone x3  
  54  5:07  Drone  
  53  5:14  Drone  
  53  5:18  Overlord  
  52  5:21  Zerg Ground Armor Level 1  
  52  5:24  Extractor  
  52  5:27  Roach x2  
  53  5:30  Queen  
  55  5:37  Roach x2, Hatchery  
  58  5:46  Infestation Pit  
  58  5:47  Zergling x2  
  58  5:55  Ravager  
  59  5:58  Zergling x10  
  64  6:09  Ravager x2  
  64  6:10  Zergling x4  
  64  6:11  Zergling x4  
  70  6:17  Drone, Spore Crawler  
  70  6:20  Zergling x6  
  73  6:26  Hive  
  73  6:34  Overlord  
  73  6:36  Overlord  
  73  6:38  Drone  
  74  6:40  Pathogen Glands  
  74  6:42  Drone x2  
  76  6:53  Drone  
  80  6:54  Drone x5  
  80  6:55  Drone  
  79  7:12  Drone x3  
  79  7:13  Drone x2  
  84  7:19  Overlord x3  
  84  7:20  Overlord, Extractor  
  83  7:27  Zerg Ground Armor Level 2  
  83  7:34  Drone  
  83  7:35  Drone x2  
  84  7:40  Zergling x14  
  90  7:47  Extractor  
  90  7:50  Ultralisk Cavern  
  87  7:59  Zergling x2  
  87  8:00  Zergling x10  
  90  8:09  Drone x3  
  84  8:43  Overlord x2  
  84  8:55  Hatchery  
  81  8:59  Drone x2  
  81  9:00  Drone x2  
  81  9:01  Ultralisk x7  
  81  9:02  Overlord x2  
  123  9:03  Overlord  
  123  9:09  Overseer  
  117  9:11  Infestor  
  117  9:16  Ravager  
  120  9:17  Zergling x2  
  120  9:18  Zergling x16  
  123  9:32  Ultralisk  
  123  9:34  Zergling x6  
  123  9:35  Zergling x6  
  135  9:50  Infestor x2  
  137  9:57  Drone x8  
  145  10:09  Drone x6  
  145  10:11  Extractor  
  145  10:13  Extractor  
  149  10:18  Spore Crawler  
  149  10:21  Spine Crawler  
Tags
 
Add a new tag
Caveats
  • Supply blocks, unpowered buildings, or Contaminate may cause inaccurate times.
  • Supply counts are checked every 10 seconds.